Unix NetHack Version 5.0.0-0 post-release - last build May  4 2026 22:22:43 (774f63e81ad911689b3a0859ea89b322d5daca8d,branch:main).

Game began 2026-05-10 13:40:01, ended 2026-05-10 14:45:05.

2392976N, chaotic male human Rogue

  -----
  |....
  |<..|
  |...|
  -.-+-
   # #
   ###       ----.---
    ##       |......|#
    ##      #...)...-"#
   #`#    #s#|......| #
 --)-.- ##@  |......|
 |....-##`###|..(...|
 |M...|  ## #.......|
 |..[.+     #--------
 ------

2392976N the Cutpurse   St:10 Dx:17 Co:18 In:10 Wi:11 Ch:7  Chaotic
Dlvl:7  $:683 HP:0(33) Pw:14(14) AC:6  Xp:3 T:2845 

Latest messages:
 You stumble into a spider web!
 What do you want to throw? [$hqACD or ?*] C
 In what direction? 4
 The dart hits the giant spider.
 You hit the giant spider.
 The giant spider bites!
 You materialize in a different location!
 The giant spider bites!
 Are you waiting to get hit?  Use 'm' prefix to force a no-op (to rest).
 Are you waiting to get hit?  Use 'm' prefix to force a no-op (to rest).
 Are you waiting to get hit?  Use 'm' prefix to force a no-op (to rest).
 Are you waiting to get hit?  Use 'm' prefix to force a no-op (to rest).
 Are you waiting to get hit?  Use 'm' prefix to force a no-op (to rest).
 What do you want to throw? [$hqACD or ?*] <esc>
 Never mind.
 What do you want to throw? [$hqACD or ?*] q
 In what direction? 6
 The orcish dagger hits the giant spider.
 The giant spider bites!
 You hit the giant spider.
 The giant spider bites!
 You hit the giant spider.
 The giant spider bites!
 The giant spider bites!
 Are you waiting to get hit?  Use 'm' prefix to force a no-op (to rest).
 Are you waiting to get hit?  Use 'm' prefix to force a no-op (to rest).
 Are you waiting to get hit?  Use 'm' prefix to force a no-op (to rest).
 Are you waiting to get hit?  Use 'm' prefix to force a no-op (to rest).
 Are you waiting to get hit?  Use 'm' prefix to force a no-op (to rest).
 Are you waiting to get hit?  Use 'm' prefix to force a no-op (to rest).
 Are you waiting to get hit?  Use 'm' prefix to force a no-op (to rest).
 Are you waiting to get hit?  Use 'm' prefix to force a no-op (to rest).
 Are you waiting to get hit?  Use 'm' prefix to force a no-op (to rest).
 Are you waiting to get hit?  Use 'm' prefix to force a no-op (to rest).
 Are you waiting to get hit?  Use 'm' prefix to force a no-op (to rest).
 Are you waiting to get hit?  Use 'm' prefix to force a no-op (to rest).
 Are you waiting to get hit?  Use 'm' prefix to force a no-op (to rest).
 Are you waiting to get hit?  Use 'm' prefix to force a no-op (to rest).
 Are you waiting to get hit?  Use 'm' prefix to force a no-op (to rest).
 Are you waiting to get hit?  Use 'm' prefix to force a no-op (to rest).
 Are you waiting to get hit?  Use 'm' prefix to force a no-op (to rest).
 The giant spider spins a web.
 With great effort you move the boulder.
 The giant spider bites!
 You die...
 Do you want your possessions identified? [ynq] (y) y
 Do you want to see your attributes? [ynq] (y) y
 Do you want an account of creatures vanquished? [ynaq] (y) y
 Do you want to see your conduct and achievements? [ynq] (y) y
 Do you want to see the dungeon overview? [ynq] (y) y

Inventory:
 Coins    ('$')
  $ - 683 gold pieces
 Weapons  (')')
  h - 5 +0 ya
  A - a cursed -1 boomerang
  C - 8 cursed +0 darts
  D - a cursed +0 two-handed sword
 Armor    ('[')
  m - an uncursed +0 orcish helm (being worn)
  c - an uncursed +1 leather armor (being worn)
  s - an uncursed rusty +0 orcish ring mail
 Comestibles  ('%')
  i - an uncursed food ration
  g - an uncursed lembas wafer
  n - an uncursed pancake
  o - 2 uncursed eggs
 Scrolls  ('?')
  k - an uncursed scroll of confuse monster
 Spellbooks  ('+')
  x - an uncursed spellbook of blank paper
 Potions  ('!')
  j - an uncursed diluted potion of fruit juice
  d - an uncursed diluted potion of sickness
 Rings    ('=')
  f - an uncursed ring of teleportation (on right hand)
 Tools    ('(')
  e - an uncursed lock pick
 Gems/Stones  ('*')
  l - an uncursed worthless piece of black glass
  p - an uncursed worthless piece of violet glass

2392976N the Rogue's attributes:

Background:
 You were a Cutpurse, a level 3 male human Rogue.
 You were chaotic, nominally on a mission for Kos
 who was opposed by Issek (lawful) and Mog (neutral).
 You were right-handed.
 You were in the Dungeons of Doom, on level 7.
 You entered the dungeon 2845 turns ago.
 You had 43 experience points, 37 more were needed to attain level 4.

Basics:
 You had 0 out of 33 hit points.
 You had all 14 energy points (spell power).
 Your armor class was 6.
 Your wallet contained 683 zorkmids.
 Autopickup was off.

Final Characteristics:
 Your strength was 10 (limit:18/100).
 Your dexterity was 17 (limit:18).
 Your constitution was 18 (limit:18).
 Your intelligence was 10 (limit:18).
 Your wisdom was 11 (limit:18).
 Your charisma was 7 (limit:18).

Final Status:
 You weren't hungry.
 You were unencumbered.
 You were bare handed.
 You were unskilled in bare handed combat.

Final Attributes:
 You were piously aligned.
 You saw invisible.
 You were stealthy.
 You could teleport.
 You were warded.
 You are dead.

Miscellaneous:
 You didn't encounter any bones levels.
 Total elapsed playing time was 56 minutes and 25 seconds.

Major events:
 Turn
    1: 2392976N the chaotic male human Rogue entered the dungeon
 2782: attained the rank of Cutpurse (level 3)
 2845: killed by a giant spider

You didn't know any spells.

Skills:
 Fighting Skills
   bare handed combat [Unskilled]
   two weapon combat  [Unskilled]
   riding             [Unskilled]
 Weapon Skills
   dagger             [Basic]
   knife              [Unskilled]
   short sword        [Basic]
   broadsword         [Unskilled]
   long sword         [Unskilled]
   two-handed sword   [Unskilled]
   saber              [Unskilled]
   club               [Unskilled]
   mace               [Unskilled]
   morning star       [Unskilled]
   flail              [Unskilled]
   hammer             [Unskilled]
   polearms           [Unskilled]
   spear              [Unskilled]
   crossbow           [Unskilled]
   dart               [Unskilled]
   shuriken           [Unskilled]
 Spellcasting Skills
   divination spells  [Unskilled]
   escape spells      [Unskilled]
   matter spells      [Unskilled]

Voluntary challenges:
 Character rerolling was not enabled.
 You were an atheist.
 You were illiterate.
 You never genocided any monsters.
 You never polymorphed an object.
 You never changed form.
 You used no wishes.
Achievements:
 You entered a shop.
 You attained the rank of Cutpurse.

 The Dungeons of Doom: levels 1 to 7
    Level 1:
    Level 2:
       A potion shop, a sink.
    Level 3:
       An altar to Kos.
    Level 4:
    Level 5:
       An altar.
    Level 6:
       An altar.
    Level 7: <- You were here.
       Final resting place for
          you, killed by a giant spider.


Vanquished creatures:
  a little dog
 an acid blob
  a hobgoblin
  a yellow mold
  2 geckos
  a jackal
  3 kobolds
  a goblin
  a sewer rat
  3 grid bugs
  2 lichens
  a kobold zombie
  6 newts
24 creatures vanquished.

No species were genocided or became extinct.

Game over:
                       ----------
                      /          \
                     /    REST    \
                    /      IN      \
                   /     PEACE      \
                  /                  \
                  |     2392976N     |
                  |      683 Au      |
                  |   killed by a    |
                  |   giant spider   |
                  |                  |
                  |                  |
                  |       2026       |
                 *|     *  *  *      | *
        _________)/\\_//(\/(/\)/\//\/|_)_______

Goodbye 2392976N the Rogue...

You died in The Dungeons of Doom on dungeon level 7 with 1097 points,
and 683 pieces of gold, after 2845 moves.
You were level 3 with a maximum of 33 hit points when you died.

